 Dungeon Crawl Stone Soup version 0.25-a0-578-gc91f01c (webtiles) character file.

Game seed: 3935057973395008678, levelgen mode: deterministic

1100973 robertstho the Conqueror (level 27, -11/199 HPs)
             Began as a Gargoyle Fighter on Mar 2, 2020.
             Was the Champion of the Shining One.
             Killed by divine providence
             ... invoked by a smoke demon
             ... summoned by a shadow demon
              (14 damage)
             ... in Pandemonium on Mar 3, 2020.
             The game lasted 03:41:08 (74216 turns).

robertstho the Conqueror (Gargoyle Fighter)        Turns: 74216, Time: 03:41:08

Health: -11/199    AC: 55    Str: 35 (36) XL:     27
Magic:  0/28       EV: 16    Int:  4 (7)  God:    the Shining One [******]
Gold:   12746      SH: 28    Dex: 10 (12) Spells: 26/26 levels left

rFire    + . .     SeeInvis .   K - +9 sacred scourge (holy)
rCold    + + +     Gourm    +   o - +0 tower shield {rC+}
rNeg     + + +     Faith    .   E - +4 plate armour {rC+}
rPois    ∞         Spirit   .   k - +1 hat of Catatonia {rF+ rCorr Str+7}
rElec    +         Reflect  .   Q - +2 cloak {+Inv}
rCorr    +         Harm     .   b - +2 pair of gloves {archery}
MR       +++..                  p - +2 pair of boots
Stlth    ..........             L - amulet "Kide" {Gourm MR+ Slay+3}
HPRegen  0.43/turn              D - ring of the Moon {Int-5 Slay+6}
MPRegen  0.21/turn              g - ring "Vommuypt" {rC+ Str+4 Stlth+}

@: mighty, flying, glowing
A: big wings, slimy green scales 1, blink, blurry vision 2, clever 1, deformed
body, deterioration 2, low mp 3, negative energy resistance 1, electricity
resistance, weak 2, unbreathing, evolution 1, petrification resistance, rot
immunity, MP-powered wands, AC +20
}: 10/15 runes: serpentine, barnacled, slimy, silver, iron, obsidian, icy, bone,
demonic, dark
a: Stop Flying, Blink, Divine Shield, Cleansing Flame, Summon Divine Warrior,
Renounce Religion, Evoke Invisibility


You were in Pandemonium.
You worshipped the Shining One.
The Shining One was exalted by your worship.
You were full.

You visited 15 branches of the dungeon, and saw 79 of its levels.
You visited Pandemonium 1 time, and saw 10 of its levels.
You visited the Abyss 1 time.
You visited 1 bazaar.
You also visited: Gauntlet.

You collected 15253 gold pieces.
You spent 2507 gold pieces at shops.

Inventory:

Hand Weapons
 K - a +9 sacred scourge of holy wrath (weapon)
Missiles
 J - 63 silver javelins (quivered)
Armour
 b - a +2 pair of gloves of archery (worn)
 k - the +1 hat of Catatonia (worn) {rF+ rCorr Str+7}
   (You found it on level 4 of the Vaults)

   It affects your strength (+7).
   It protects you from fire.
   It provides partial protection from all sources of acid and corrosion.
   If you remove this armour, your AC will decrease by 1 (55 -> 54).
 n - the +3 plate armour "Jian" {MR+}
   (You found it on level 2 of the Shoals)

   It affects your resistance to hostile enchantments.
   If you switch to wearing this armour, your AC will decrease by 1 (55 -> 54).
 o - a +0 tower shield of cold resistance (worn)
 p - a +2 pair of boots (worn)
 E - a +4 plate armour of cold resistance (worn)
 Q - a +2 cloak of invisibility (worn)
 Y - a scarf of resistance
Jewellery
 a - the ring of Nefao {rElec rF+ rN+ rCorr}
   (You found it on level 7 of the Iron City of Dis)

   [ring of resist corrosion]

   It protects you from fire.
   It insulates you from electricity.
   It protects you from negative energy.
   It provides partial protection from all sources of acid and corrosion.
 g - the ring "Vommuypt" (right hand) {rC+ Str+4 Stlth+}
   (You took it off an orc wizard on level 5 of the Vaults)

   [ring of stealth]

   It affects your strength (+4).
   It protects you from cold.
   It makes you more stealthy.
 q - an uncursed amulet of regeneration
 B - an uncursed ring of protection from fire
 D - the ring of the Moon (left hand) {Int-5 Slay+6}
   (You found it on level 7 of the Iron City of Dis)

   [ring of intelligence]

   It affects your intelligence (-5).
   It affects your accuracy and damage with ranged weapons and melee attacks
   (+6).
 L - the amulet "Kide" (around neck) {Gourm MR+ Slay+3}
   (You found it on level 4 of the Depths)

   [amulet of the gourmand]

   It allows you to eat raw meat even when not hungry.
   It affects your accuracy and damage with ranged weapons and melee attacks
   (+3).
   It affects your resistance to hostile enchantments.
 M - a +3 ring of protection
 S - the ring of the Circus Animal {rPois rF++ MR- AC+3 Stlth+}
   (You acquired it on level 2 of the Elven Halls)

   [ring of protection]

   It affects your AC (+3).
   It greatly protects you from fire.
   It protects you from poison.
   It affects your resistance to hostile enchantments.
   It makes you more stealthy.
 T - a +3 amulet of reflection
 V - an uncursed ring of magical power
 Z - an uncursed ring of protection from cold
Wands
 x - a wand of disintegration (50)
 y - a wand of acid (43)
 F - a wand of digging (11)
 R - a wand of iceblast (25)
 W - a wand of scattershot (9)
Scrolls
 d - 15 scrolls of identify
 h - 8 scrolls of fear
 i - 34 scrolls of remove curse
 j - 6 scrolls of magic mapping
 l - 4 scrolls of enchant armour
 m - 3 scrolls of fog
 r - a scroll of holy word
 u - 18 scrolls of teleportation
 w - 11 scrolls of immolation
 I - 5 scrolls of blinking
 P - a scroll of summoning
 U - 3 scrolls of enchant weapon
 X - a scroll of brand weapon
Potions
 c - 2 potions of resistance
 s - 5 potions of ambrosia
 t - 12 potions of curing
 z - 7 potions of cancellation
 A - 5 potions of lignification
 C - 5 potions of magic
 G - 4 potions of haste
Miscellaneous
 e - a lightning rod (4/4)
 v - 7 boxes of beasts
 N - a lamp of fire
Comestibles
 f - 105 rations


   Skills:
 O Level 27 Fighting
 O Level 27 Maces & Flails
 + Level 23.9 Armour
 * Level 16.0 Dodging
 - Level 0.3 Stealth
 O Level 27 Shields
 O Level 27 Invocations
 + Level 2.2 Evocations


You had 26 spell levels left.
You didn't know any spells.
Your spell library contained the following spells:

 Spells                   Type           Power        Failure   Level  Hunger
 Animate Skeleton         Necr           N/A          85%         1    ##.....
 Apportation              Tloc           #.....       85%         1    ##.....
 Beastly Appendage        Tmut           #.....       85%         1    ##.....
 Corona                   Hex            #......      85%         1    ##.....
 Foxfire                  Conj/Fire      #...         85%         1    ##.....
 Freeze                   Ice            #...         85%         1    ##.....
 Magic Dart               Conj           #...         85%         1    ##.....
 Pain                     Necr           #...         85%         1    ##.....
 Sandblast                Erth           #.....       85%         1    ##.....
 Shock                    Conj/Air       #...         85%         1    ##.....
 Sting                    Tmut/Pois      #...         85%         1    ##.....
 Summon Butterflies       Summ           #.......     85%         1    ##.....
 Summon Small Mammal      Summ           #...         85%         1    ##.....
 Corpse Rot               Necr/Air       N/A          94%         2    ###....
 Ensorcelled Hibernation  Hex/Ice        #.....       94%         2    ###....
 Passwall                 Tmut/Erth      #.......     94%         2    ###....
 Poisonous Vapours        Pois/Air       #.....       94%         2    ###....
 Searing Ray              Conj           #.....       94%         2    ###....
 Slow                     Hex            #.......     94%         2    ###....
 Song of Slaying          Chrm           #.......     94%         2    ###....
 Sticks to Snakes         Tmut           #.......     94%         2    ###....
 Swiftness                Chrm/Air       #.......     94%         2    ###....
 Call Canine Familiar     Summ           #.......     99%         3    ####...
 Confusing Touch          Hex            #.......     99%         3    ####...
 Conjure Flame            Conj/Fire      #.......     99%         3    ####...
 Dazzling Flash           Conj/Hex       #.....       99%         3    ####...
 Frozen Ramparts          Ice            #.....       99%         3    ####...
 Gell's Gravitas          Tloc           #.........   99%         3    ####...
 Ignite Poison            Fire/Tmut/Pois #.......     99%         3    ####...
 Inner Flame              Hex/Fire       #.......     99%         3    ####...
 Mephitic Cloud           Conj/Pois/Air  #.......     99%         3    ####...
 Ozocubu's Armour         Chrm/Ice       #.......     99%         3    ####...
 Portal Projectile        Hex/Tloc       #.....       99%         3    ####...
 Recall                   Summ/Tloc      N/A          99%         3    ####...
 Spider Form              Tmut/Pois      #.........   99%         3    ####...
 Static Discharge         Conj/Air       #.......     99%         3    ####...
 Stone Arrow              Conj/Erth      #.....       99%         3    ####...
 Tukima's Dance           Hex            #.......     99%         3    ####...
 Vampiric Draining        Necr           #.........   99%         3    ####...
 Airstrike                Air            #.........   100%        4    #####..
 Animate Dead             Necr           N/A          100%        4    #####..
 Cause Fear               Hex            #.........   100%        4    #####..
 Dispel Undead            Necr           #.......     100%        4    #####..
 Fulminant Prism          Conj/Hex       #.........   100%        4    #####..
 Hailstorm                Conj/Ice       #.......     100%        4    #####..
 Ice Form                 Ice/Tmut       #.......     100%        4    #####..
 Iskenderun's Mystic Bla  Conj/Tloc      #.......     100%        4    #####..
 Leda's Liquefaction      Hex/Erth       #.........   100%        4    #####..
 Passage of Golubria      Tloc           N/A          100%        4    #####..
 Petrify                  Tmut/Erth      #.......     100%        4    #####..
 Summon Ice Beast         Ice/Summ       #.......     100%        4    #####..
 Agony                    Necr           #.......     100%        5    ######.
 Alistair's Intoxication  Tmut/Pois      #.......     100%        5    ######.
 Blade Hands              Tmut           #.........   100%        5    ######.
 Bolt of Magma            Conj/Fire/Erth #.........   100%        5    ######.
 Borgnjor's Vile Clutch   Necr/Erth      #.........   100%        5    ######.
 Excruciating Wounds      Chrm/Necr      #.........   100%        5    ######.
 Fireball                 Conj/Fire      #.........   100%        5    ######.
 Irradiate                Conj/Tmut      #.........   100%        5    ######.
 Iskenderun's Battlesphe  Conj/Chrm      #.......     100%        5    ######.
 Lee's Rapid Deconstruct  Erth           #.........   100%        5    ######.
 Lightning Bolt           Conj/Air       #.........   100%        5    ######.
 Metabolic Englaciation   Hex/Ice        #.........   100%        5    ######.
 Summon Demon             Summ           #.........   100%        5    ######.
 Summon Forest            Summ/Tloc      #.........   100%        5    ######.
 Summon Mana Viper        Hex/Summ       #.......     100%        5    ######.
 Yara's Violent Unravell  Hex/Tmut       #.........   100%        5    ######.
 Darkness                 Hex            #.........   100%        6    #######
 Death Channel            Necr           #.........   100%        6    #######
 Deflect Missiles         Chrm/Air       #.........   100%        6    #######
 Dispersal                Tloc           #.........   100%        6    #######
 Eringya's Noxious Bog    Tmut/Pois      #.........   100%        6    #######
 Freezing Cloud           Conj/Ice/Air   #.........   100%        6    #######
 Hydra Form               Tmut           #.........   100%        6    #######
 Invisibility             Hex            #.......     100%        6    #######
 Iron Shot                Conj/Erth      #.........   100%        6    #######
 Ozocubu's Refrigeration  Ice            #.........   100%        6    #######
 Simulacrum               Ice/Necr       #.........   100%        6    #######
 Starburst                Conj/Fire      #.........   100%        6    #######
 Dragon Form              Tmut           #.........   100%        7    #######
 Orb of Destruction       Conj           #.........   100%        7    #######
 Ring of Flames           Chrm/Fire      #.........   100%        7    #######
 Spellforged Servitor     Conj/Summ      #.........   100%        7    #######
 Summon Hydra             Summ           #.........   100%        7    #######
 Chain Lightning          Conj/Air       #.........   100%        8    #######
 Controlled Blink         Tloc           N/A          100%        8    #######
 Discord                  Hex            #.........   100%        8    #######
 Disjunction              Tloc           #.........   100%        8    #######
 Ignition                 Fire           #.........   100%        8    #######
 Lehudib's Crystal Spear  Conj/Erth      #.........   100%        8    #######
 Dragon's Call            Summ           #.........   100%        9    #######
 Fire Storm               Conj/Fire      #.........   100%        9    #######
 Glaciate                 Conj/Ice       #.........   100%        9    #######
 Shatter                  Erth           #.........   100%        9    #######
 Tornado                  Air            #.........   100%        9    #######
 Sublimation of Blood     Necr           Unusable     N/A         2    N/A

Dungeon Overview and Level Annotations

Branches:
Dungeon (15/15)            Temple (1/1) D:4            Lair (6/6) D:9
 Shoals (4/4) Lair:3        Snake (4/4) Lair:3        Slime (5/5) Lair:6
    Orc (2/2) D:11            Elf (3/3) Orc:2        Vaults (5/5) D:14
  Crypt (0/3) Vaults:3     Depths (5/5) D:15           Hell (visited)
    Dis (7/7) Hell            Geh (7/7) Hell            Coc (7/7) Hell
    Tar (7/7) Hell            Zot (0/5) Depths:5    Gauntlet (visited)

Altars:
Ashenzari
Cheibriados
Dithmenos
Elyvilon
Fedhas
Gozag
Hepliaklqana
Kikubaaqudgha
Makhleb
Nemelex Xobeh
Okawaru
Qazlal
Ru
Sif Muna
Trog
Uskayaw
Vehumet
Wu Jian
Xom
Yredelemnul
Zin
The Shining One
Beogh
Jiyva

Shops:
D:5 !   D:8 [[}*:   D:10 !   D:15 *   Orc:2 ::*:   Elf:2 }?*   Shoals:4 (
Snake:2 :   Snake:3 %   Vaults:3 (   Depths:1 *

Portals:
Hell: Depths:1 Depths:2 Depths:3 Depths:4 Depths:5
Abyss: Depths:2 Depths:4
Pandemonium: Depths:1 Depths:3
Ziggurat: Depths:2
Trove: D:10 (give 18 potions of curing)

Annotations:
Snake:2 2 transporters, lagrange's ghost, adept DDBe
Vaults:3 1 runed translucent door, 2FriedEggs's ghost, adept OpEE
Coc:6 22 runed doors


Innate Abilities, Weirdness & Mutations

You are resistant to torment.
Your stone body is resilient. (AC +20)
You are immune to poison.
Your large and strong wings let you fly indefinitely.
You resist negative energy. (rN+)
You are resistant to electric shocks. (rElec)
You can survive without breathing.
You are immune to petrification.
You are immune to rotting.
You are partially covered in slimy green scales. (AC +2)
You can translocate small distances at will.
Scrolls take you longer to read.
Your mind is acute. (Int +2)
Armour fits poorly on your strangely shaped body.
Your body often deteriorates upon taking damage.
Your magical capacity is extremely low. (-30% MP)
You are very weak. (Str -4)
You evolve.
You expend magic power (3 MP) to strengthen your wands.


Message History

The sixfirhy hits you but does no damage.
Send 'em back where they came from!
The Shining One protects your fellow warrior from evil magic! x2
Your daeva blocks the torturous demonspawn's attack.
You block the sixfirhy's attack. You block Inaisej's attack.
Your daeva calls down the wrath of the Shining One upon Inaisej.
Inaisej is smitten.
Your angel hits the hellion with a +2 whip of holy wrath!
The hellion convulses!
The hellion dies!
The Shining One accepts your kill.
The Shining One blesses your angel with more time in this world.
You block the sun demon's attack.
You block the large abomination's attack.
The blizzard demon waves its arms in wide circles.
The air twists around and violently strikes you in flight.
* * * LOW HITPOINT WARNING * * *
The shadow demon gestures.
The smoke demon gestures at you. Something smites you!
You die...

........# ###.### ###
.^∩.....# .#.#. .#.#
..####..# #'.#' .'#
.)#..#..#. ... ...
..#..#..#.. #32#'.###
..'..#..#... 65#.#.'.#
..#..#..#....###AA#5.###.
..#..#..#....3323&35.....
..####..#....##X@#[#.'##.
........#....#2#3#.#.#.#
........#....###2###.###
#########...............
........ .......4.......
........ ...............
........ ...............
'#############..'#######
........................


You could see Inaisej, a cacodemon, a balrug, a blizzard demon (inner flame), 2
sun demons, a shadow demon, a torturous demonspawn (berserk), an orange demon, a
large abomination, a sixfirhy, a smoke demon, 2 neqoxecs, an iron imp, 2 white
imps, a friendly daeva (burning) and a friendly angel.

Vanquished Creatures
  Asmodeus (Geh:7)
  Antaeus (Coc:7)
  the Royal Jelly (Slime:5)
  Gloorx Vloq (Pan)
  6 pandemonium lords (Pan)
  Ereshkigal (Tar:7)
  the Serpent of Hell (Tar:7)
  An ancient lich (Depths:2)
  A juggernaut (Depths:5)
  5 shard shrikes
  Frederick (Depths:4)
  A caustic shrike (Depths:4)
  Geryon (Hell)
  Nikola (Vaults:1)
  A golden dragon (Vaults:4)
  16 bone dragons
  20 Tzitzimimeh
  11 doom hounds
  4 iron giants (Dis:7)
  29 Brimstone Fiends
  A tentacled monstrosity (Vaults:5)
  9 Hell Sentinels
  22 Ice Fiends
  Murray (Hell)
  11 liches
  3 deep elf master archers (Elf:3)
  4 quicksilver dragons
  4 titans
  15 acid blobs
  34 Executioners
  2 deep elf blademasters (Elf:3)
  A kraken (Shoals:4)
  Frances (Elf:1)
  4 eldritch tentacles
  2 tentacled starspawn (Abyss:3)
  2 ancient champions
  4 sphinxes
  8 tengu reavers
  Kirke (Lair:6)
  22 shadow dragons
  A draconian monk (Depths:5)
  Agnes (Elf:1)
  12 azure jellies
  7 fire giants
  7 frost giants
  7 nagarajas
  12 deep elf sorcerers
  17 iron dragons
  Ilsuiw (Shoals:3)
  2 curse skulls (Pan)
  8 cacodemons
  A ghoul (Vaults:1)
  7 deep elf elementalists
  23 vault wardens
  4 warmongers (Pan)
  9 ironheart preservers
  20 balrugs
  A draconian annihilator (Depths:5)
  51 reapers
  3 entropy weavers
  12 war gargoyles
  A spriggan defender (Depths:5)
  2 elemental wellsprings (Coc:7)
  8 blood saints (Pan)
  20 stone giants
  A green draconian (Depths:5)
  10 corrupters (Pan)
  8 vampire knights
  11 very ugly things
  7 deep elf demonologists
  5 lorocyprocas (Pan)
  A black draconian (Depths:5)
  A white draconian (Depths:5)
  9 deep elf annihilators
  Azrael (Snake:1)
  4 black suns (Pan)
  A minotaur (Gauntlet)
  4 spark wasps
  A red draconian (Depths:5)
  3 merfolk javelineers
  A crystal guardian (Vaults:2)
  A deep elf death mage (Elf:2)
  22 ettins
  3 death oozes (Slime:5)
  7 green deaths (Pan)
  A fire dragon (shapeshifter) (Vaults:5)
  20 yaktaur captains
  7 quicksilver dragon zombies
  6 merfolk impalers
  5 deep elf high priests
  13 great orbs of eyes
  19 blizzard demons
  2 kraken zombies
  4 rakshasas
  12 fire dragons
  3 quicksilver dragon skeletons
  4 monstrous demonspawn
  4 hell beasts
  14 naga warriors
  2 spriggan air magi
  34 vault guards
  20 ice dragons
  An alligator snapping turtle (Shoals:4)
  5 merfolk avatars
  3 death knights
  10 hydras
  7 anacondas
  A ghost crab (Tar:7)
  79 two-headed ogres
  8 centaur warriors
  4 merfolk aquamancers (Shoals:4)
  A catoblepas (Depths:3)
  3 tengu warriors
  2 satyrs
  8 death yaks
  A satyr (shapeshifter) (Vaults:5)
  23 ogre magi
  4 vampire magi
  3 deep troll shamans
  34 hell hogs
  8 deep troll earth magi
  6 titan zombies
  3 shock serpents
  18 dancing weapons
  12 naga sharpshooters
  4 thrashing horrors (Abyss:3)
  2 orc high priests (Orc:2)
  3 spriggan berserkers (Depths:5)
  A spectral minotaur (Depths:2)
  4 iron golems
  42 sun demons
  7 storm dragon zombies
  54 hell knights
  5 titan skeletons
  31 deep elf knights
  39 soul eaters
  A wretched star (Abyss:3)
  68 skeletal warriors
  2 iron trolls
  A spatial maelstrom (Abyss:3)
  5 storm dragon skeletons
  5 torturous demonspawn (Pan)
  A death drake (shapeshifter) (Elf:3)
  A death drake (Depths:2)
  A ghost moth zombie (Tar:2)
  2 salamander mystics
  10 glowing orange brains
  21 sixfirhies
  36 shadow demons
  29 shadow wraiths
  18 deep trolls
  4 golden dragon zombies
  A kraken simulacrum (Hell)
  A sea snake (shapeshifter) (Vaults:5)
  10 anaconda zombies
  8 gelid demonspawn (Pan)
  10 deep elf archers
  15 sea snakes
  5 unseen horrors
  8 wizards
  2 golden dragon skeletons
  8 infernal demonspawn
  11 naga ritualists
  2 glowing orange brains (shapeshifter)
  18 ironbrand convokers
  11 flayed ghosts
  5 shadow dragon zombies
  11 orc knights
  6 lindwurms
  A harpy (shapeshifter) (Elf:2)
  12 phantasmal warriors
  7 anaconda skeletons
  2 orange crystal statues (Depths:2)
  16 mana vipers
  19 necromancers
  5 iron dragon zombies
  32 ugly things
  3 oklob plants (Lair:2)
  6 salamanders
  40 harpies
  8 shadow dragon skeletons
  4 fire giant zombies
  3 stone giant zombies
  5 wolf spiders
  3 orc sorcerers
  62 deep elf magi
  6 wolf spider zombies
  18 manticores
  12 fauns
  7 frost giant zombies
  2 shining eyes
  2 worldbinders (Abyss:3)
  Maurice (D:10)
  10 stone giant skeletons
  A moth of wrath (shapeshifter) (Depths:2)
  3 fire giant skeletons
  8 cyclopes
  15 merfolk sirens
  10 dire elephant zombies
  29 naga magi
  2 guardian serpents (Snake:2)
  A shock serpent zombie (Tar:7)
  2 guardian serpents (shapeshifter)
  7 iron dragon skeletons
  33 rust devils
  A moth of wrath (Gauntlet)
  10 water nymphs
  5 torpor snails (Lair:6)
  6 frost giant skeletons
  7 elephants
  14 molten gargoyles
  21 vault sentinels
  An eye of devastation (Slime:5)
  A water nymph (shapeshifter) (Vaults:4)
  38 black mambas
  35 hellions
  5 spectral swamp worms (Depths:4)
  9 orange demons
  31 smoke demons
  2 gargoyles
  4 centaur skeletons
  A shock serpent skeleton (Geh:4)
  9 spiny frogs
  A red draconian zombie (Geh:1)
  2 komodo dragons
  Maggie (Lair:1)
  9 dire elephant skeletons
  3 emperor scorpion zombies
  36 freezing wraiths
  A yaktaur (shapeshifter) (Vaults:1)
  3 anaconda simulacra
  An efreet (Geh:3)
  A rime drake (Lair:6)
  64 yaktaurs
  21 ice devils
  19 demonic crawlers
  4 kobold demonologists
  37 tormentors
  3 tengu conjurers
  An ancient zyme (Abyss:3)
  41 merfolk
  36 red devils
  13 trolls
  11 hydra zombies
  2 catoblepas skeletons
  6 hellwings
  6 spectral merfolk (Depths:2)
  Prince Ribbit (Lair:1)
  2 meliai (shapeshifter)
  37 large abominations
  10 polar bears (Lair:6)
  3 harpy zombies
  A queen bee (shapeshifter) (Vaults:4)
  12 hornets
  6 raiju
  3 wind drakes
  A wind drake (shapeshifter) (Vaults:4)
  2 harpy skeletons
  5 ettin zombies
  3 tyrant leeches (Lair:6)
  12 blink frogs
  92 slime creatures
  8 snapping turtles
  11 dream sheep
  17 hippogriffs
  10 hydra skeletons
  An iron dragon simulacrum (Hell)
  109 flying skulls
  9 ettin skeletons
  7 fire dragon zombies
  4 ice dragon zombies
  3 alligator zombies
  23 ynoxinuls
  3 tarantellas
  7 fire dragon skeletons
  4 ice dragon skeletons
  4 redbacks
  4 air elementals
  A black mamba zombie (Geh:3)
  26 shadows
  Eustachio (D:6)
  3 vampires
  4 basilisks
  An alligator skeleton (Hell)
  28 water elementals
  43 wraiths
  2 hogs (Lair:6)
  40 fire elementals
  A black mamba skeleton (Geh:1)
  2 fire bats (Pan)
  20 yaks
  A golden eye (shapeshifter) (Vaults:5)
  10 golden eyes
  3 wyverns
  A hog (shapeshifter) (Vaults:2)
  6 hungry ghosts
  36 chaos spawn
  2 steam dragons
  12 vampire mosquitoes
  6 neqoxecs
  A warg (shapeshifter) (Vaults:5)
  15 wargs
  5 spatial vortices
  A merfolk zombie (Dis:7)
  50 nagas
  3 soldier ants
  An acid dragon (Vaults:2)
  2 hydra simulacra
  A swamp worm (shapeshifter) (Vaults:5)
  Duvessa (D:4)
  82 hell hounds
  10 water moccasins
  2 floating eyes
  9 porcupines
  8 spiny frog zombies
  4 spectral spriggans (Depths:2)
  6 spiny frog skeletons
  2 alligator simulacra
  3 spectral trolls (Depths:2)
  3 swamp dragon zombies
  6 sky beasts
  40 orc warriors
  8 ice beasts
  13 black bears
  5 eyes of draining
  A manticore zombie (Coc:3)
  57 ogres
  22 necrophages
  7 phantoms
  10 boggarts
  32 wolves
  6 snapping turtle skeletons
  20 centaurs
  2 swamp dragon skeletons
  7 snapping turtle zombies
  13 crocodiles
  4 big kobolds
  Blork the orc (D:4)
  15 bullfrogs
  6 earth elementals
  A wyvern zombie (D:8)
  2 spiny frog simulacra
  A merfolk simulacrum (Depths:2)
  A gnoll sergeant (D:6)
  Dowan (D:4)
  A scorpion (D:4)
  3 small abominations
  5 spectral ogres (Depths:2)
  A human simulacrum (Vaults:3)
  A spectral naga (Depths:2)
  47 wights
  2 troll zombies
  A spriggan skeleton (Geh:7)
  6 electric eels
  6 howler monkeys
  2 spectral centaurs (Depths:2)
  16 crimson imps
  A yaktaur simulacrum (Vaults:1)
  13 starcursed masses (Abyss:3)
  2 quasits
  4 hounds
  28 orc priests
  9 centaur zombies
  A jelly (D:10)
  A human zombie (Geh:4)
  9 iron imps
  2 iguanas
  Natasha (thrice) (D:2)
  5 hell rats (Hell)
  26 orc wizards
  11 worker ants
  A lightning spire (Gauntlet)
  A tengu zombie (Tar:2)
  6 ogre zombies (D:11)
  2 hound zombies
  An ogre skeleton (Geh:3)
  4 mummies
  3 gnolls (D:5)
  18 adders
  A naga simulacrum (Depths:2)
  13 shadow imps
  7 white imps
  2 adder skeletons
  5 worms
  2 leopard geckos
  101 orcs
  8 bats
  4 giant cockroaches
  6 goblins
  10 hobgoblins
  7 jackals
  4 quokkas
  2 ball pythons
  9 frilled lizards
  3 goblin zombies (D:11)
  3 hobgoblin zombies (D:11)
  26 kobolds
  4 orc skeletons (D:11)
  10 orc zombies
  A quokka skeleton (D:6)
  6 rats
  2 crawling corpses (Elf:3)
  2 fire vortices
  A plant (Lair:6)
  6 tentacles
4095 creatures vanquished.

Vanquished Creatures (collateral kills)
  Dispater (Dis:7)
  A juggernaut (Depths:3)
  2 shard shrikes (Coc:7)
  A bone dragon (Tar:7)
  A Tzitzimitl (Tar:7)
  2 liches (Geh:7)
  3 Brimstone Fiends
  Asterion (Vaults:1)
  6 Ice Fiends
  A deep elf blademaster (Elf:3)
  An Executioner (Pan)
  6 acid blobs
  3 shadow dragons (Tar:7)
  A nagaraja (Snake:4)
  An iron dragon (Dis:7)
  A fire giant (Depths:4)
  2 azure jellies (Slime:5)
  Aizul (Snake:1)
  An ironheart preserver (Vaults:1)
  A very ugly thing (Vaults:5)
  A spriggan defender (Depths:4)
  5 reapers
  3 war gargoyles (Dis:7)
  2 blood saints (Pan)
  A stone giant (Depths:3)
  A deep elf annihilator (Elf:3)
  A spark wasp (Depths:2)
  3 ettins (Depths:3)
  2 blizzard demons
  2 merfolk impalers (Shoals:4)
  An ogre mage (Orc:2)
  A death ooze (Slime:5)
  A great orb of eyes (Slime:5)
  3 ice dragons (Coc:7)
  A centaur warrior (Depths:4)
  A merfolk avatar (Shoals:4)
  A two-headed ogre (Orc:2)
  5 dancing weapons (Elf:2)
  An orc high priest (Elf:2)
  A deep troll earth mage (Depths:2)
  A hell hog (Geh:7)
  A storm dragon zombie (Geh:7)
  6 hell knights
  5 naga sharpshooters (Snake:1)
  7 soul eaters
  3 deep elf knights
  2 skeletal warriors (Tar:7)
  A shadow wraith (Tar:7)
  A storm dragon skeleton (Geh:6)
  2 infernal demonspawn (Pan)
  3 flayed ghosts
  A torturous demonspawn (Pan)
  2 deep elf archers
  3 wolf spider zombies
  3 necromancers
  An iron dragon zombie (Geh:7)
  3 manticores (Shoals:4)
  6 deep elf magi (Elf:2)
  4 ugly things
  A mana viper (Depths:2)
  2 fire giant zombies
  2 cyclopes (Shoals:4)
  2 shining eyes
  2 black mambas (Snake:1)
  A frost giant skeleton (Tar:7)
  4 molten gargoyles (Geh:7)
  A centaur zombie (D:15)
  4 rust devils
  An eye of devastation (Slime:4)
  A fire giant skeleton (Geh:7)
  A smoke demon (Geh:7)
  4 hellions
  A dire elephant skeleton (Geh:7)
  A yaktaur (Depths:2)
  A freezing wraith (Coc:4)
  A hellwing (Pan)
  2 ice devils (Coc:7)
  2 tormentors
  4 red devils
  A hydra zombie (Coc:7)
  A harpy zombie (Coc:7)
  3 merfolk (Shoals:4)
  A dream sheep (shapeshifter) (Elf:2)
  A dream sheep (Shoals:4)
  An ice dragon zombie (Geh:6)
  3 slime creatures (Slime:5)
  A shadow (Tar:7)
  8 flying skulls
  4 wraiths
  A water elemental (Coc:7)
  3 fire elementals
  A neqoxec (Pan)
  4 nagas (Snake:1)
  2 spatial vortices (Abyss:3)
  2 large abominations
  2 wargs (Depths:2)
  A spiny frog zombie (Coc:7)
  9 hell hounds
  An orc warrior (Orc:2)
  A snapping turtle zombie (Geh:7)
  2 ogres
  2 necrophages
  A boggart (Depths:2)
  4 wolves (Depths:2)
  5 centaurs
  A swamp dragon skeleton (Coc:7)
  A crimson imp (Geh:6)
  A human zombie (Tar:7)
  An orc priest (Orc:2)
  2 iron imps (Dis:7)
  A mummy (Dis:7)
  A shadow imp (Tar:7)
  2 orcs (Orc:2)
  2 tentacles (Coc:7)
244 creatures vanquished.

Vanquished Creatures (others)
  An eldritch tentacle (Dis:7)
  A tengu reaver (Vaults:4)
  A reaper (Tar:7)
  A vampire knight (Depths:1)
  A deep elf death mage (Elf:2)
  A monstrous demonspawn (Pan)
  A merfolk aquamancer (Shoals:4)
  A deep elf knight (Elf:2)
  A hell knight (Geh:7)
  A deep elf mage (Vaults:2)
  A freezing wraith (Coc:7)
  2 flying skulls (Geh:7)
  A fire dragon skeleton (Coc:7)
  A shadow (Dis:3)
  2 fire bats (Pan)
  2 humans (Lair:6)
  2 neqoxecs (Pan)
  2 hell hounds (Geh:2)
  A necrophage (Tar:6)
  An alligator simulacrum (Coc:7)
  A wight (Geh:1)
  An orc priest (Elf:2)
  An orc wizard (Elf:2)
  A shadow imp (Tar:7)
  An orc (Orc:1)
  14 fungi
  A lurking horror (Abyss:3)
  44 plants
  2 starspawn tentacles (Abyss:3)
  22 tentacles
113 creatures vanquished.

Grand Total: 4452 creatures vanquished

Notes
Turn   | Place    | Note
-------+----------+-------------------------------------------
     0 | D:1      | robertstho the Gargoyle Fighter began the quest for the
                  | Orb.
     0 | D:1      | Reached XP level 1. HP: 14/14 MP: 1/1
   226 | D:1      | Reached XP level 2. HP: 19/19 MP: 2/2
   547 | D:1      | Reached XP level 3. HP: 22/23 MP: 3/3
   946 | D:2      | Noticed Natasha
   956 | D:2      | Killed Natasha
   956 | D:2      | Reached XP level 4. HP: 29/29 MP: 4/4
   985 | D:2      | Found a blossoming altar of Fedhas.
  1180 | D:2      | Noticed Natasha
  1184 | D:2      | Killed Natasha
  1184 | D:2      | Reached skill level 1 in Dodging
  1184 | D:2      | Reached XP level 5. HP: 15/33 MP: 5/5
  1282 | D:2      | Noticed Natasha
  1288 | D:2      | Killed Natasha
  1560 | D:3      | Gained mutation: Your magical capacity is low. (-10% MP)
                  | [potion of mutation]
  1560 | D:3      | Gained mutation: You are partially covered in yellow
                  | scales. (AC +2) [potion of mutation]
  1560 | D:3      | Gained mutation: You are partially covered in slimy green
                  | scales. (AC +2) [potion of mutation]
  1678 | D:3      | Reached XP level 6. HP: 26/38 MP: 5/5
  1862 | D:3      | Noticed an Executioner
  1863 | D:3      | Found a burning altar of Makhleb.
  1866 | D:3      | Found a glowing silver altar of Zin.
  1866 | D:3      | Noticed an angel
  2206 | D:4      | Reached XP level 7. HP: 23/44 MP: 6/6
  2234 | D:4      | Found a white marble altar of Elyvilon.
  2288 | D:4      | Found a staircase to the Ecumenical Temple.
  2297 | Temple   | Entered the Ecumenical Temple
  2631 | D:4      | Reached skill level 5 in Shields
  2677 | D:4      | Noticed Duvessa
  2677 | D:4      | Noticed Dowan
  2697 | D:4      | Killed Duvessa
  2697 | D:4      | Reached skill level 5 in Armour
  2708 | D:4      | Killed Dowan
  3175 | D:4      | Noticed Blork the orc
  3194 | D:4      | Killed Blork the orc
  3395 | D:5      | Entered Level 5 of the Dungeon
  3505 | D:5      | Found a basalt altar of Yredelemnul.
  3506 | D:5      | Found a stormy altar of Qazlal.
  3507 | D:5      | Found a hide-covered altar of Uskayaw.
  3508 | D:5      | Found a radiant altar of Vehumet.
  3528 | D:5      | Found a glowing golden altar of the Shining One.
  3637 | D:5      | Reached skill level 5 in Fighting
  3651 | D:5      | Became a worshipper of the Shining One
  3836 | D:5      | Found Ubleinosy's Distillery.
  3901 | D:5      | Bought a potion of heal wounds for 65 gold pieces
  3901 | D:5      | Bought a potion of stabbing for 52 gold pieces
  3901 | D:5      | Bought a potion of ambrosia for 104 gold pieces
  3938 | D:5      | Reached XP level 8. HP: 41/49 MP: 7/7
  4254 | D:5      | Reached skill level 1 in Invocations
  4428 | D:6      | Reached skill level 5 in Maces & Flails
  4710 | D:6      | Noticed an unseen horror
  4747 | D:6      | Killed an unseen horror
  4747 | D:6      | Reached XP level 9. HP: 38/55 MP: 8/10
  4864 | D:6      | Noticed Eustachio
  4925 | D:6      | Killed Eustachio
  5670 | D:7      | Reached * piety under the Shining One
  5878 | D:7      | Reached XP level 10. HP: 63/63 MP: 11/11
  6156 | D:8      | Found Ingu's General Store.
  6177 | D:8      | Bought a scroll of identify for 28 gold pieces
  6189 | D:8      | Found a shimmering blue altar of Sif Muna.
  6224 | D:8      | Reached ** piety under the Shining One
  6374 | D:8      | Found Taduc's Armour Boutique.
  6463 | D:8      | Found Huigg's Book Boutique.
  6500 | D:8      | Reached skill level 5 in Invocations
  6679 | D:8      | Found Xybbit's Antique Armour Emporium.
  6782 | D:8      | Reached *** piety under the Shining One
  6791 | D:8      | Reached XP level 11. HP: 65/69 MP: 13/13
  6867 | D:8      | Found Ziffu's Gadget Emporium.
  7439 | D:9      | Found a staircase to the Lair.
  7452 | Lair:1   | Entered Level 1 of the Lair of Beasts
  7660 | Lair:1   | Noticed Prince Ribbit
  7707 | Lair:1   | Killed Prince Ribbit
  7743 | Lair:1   | Reached **** piety under the Shining One
  7745 | Lair:1   | Noticed a seven-headed hydra
  7758 | Lair:1   | Killed a seven-headed hydra
  7785 | Lair:1   | Noticed a seven-headed hydra
  7798 | Lair:1   | Killed a seven-headed hydra
  7802 | Lair:1   | Noticed Maggie
  7817 | Lair:1   | Killed Maggie
  7819 | Lair:1   | Reached skill level 10 in Shields
  8055 | Lair:1   | Reached skill level 10 in Maces & Flails
  8055 | Lair:1   | Reached XP level 12. HP: 47/77 MP: 15/15
  8632 | Lair:2   | Paralysed by a floating eye for 2 turns
  8639 | Lair:2   | Paralysed by a floating eye for 4 turns
  8645 | Lair:2   | Reached skill level 10 in Fighting
  8651 | Lair:2   | Paralysed by a floating eye for 3 turns
  8657 | Lair:2   | Paralysed by a floating eye for 2 turns
  8665 | Lair:2   | Paralysed by a floating eye for 4 turns
  8974 | Lair:2   | Paralysed by a floating eye for 2 turns
  8978 | Lair:2   | Paralysed by a floating eye for 2 turns
  9217 | Lair:2   | Noticed a four-headed hydra
  9248 | Lair:2   | Killed a four-headed hydra
  9760 | Lair:3   | Found a staircase to the Snake Pit.
 10148 | Lair:3   | Found a staircase to the Shoals.
 10416 | Lair:4   | Reached skill level 10 in Armour
 10573 | Lair:4   | Reached XP level 13. HP: 74/84 MP: 17/17
 10587 | Lair:4   | Found a shadowy altar of Dithmenos.
 11699 | Lair:5   | Identified a scroll of acquirement
 11700 | Lair:5   | Identified the +1 eveningstar of the Dark Horse {freeze,
                  | *Corrode +Inv Int+2 Dex+5} (You acquired it on level 5 of
                  | the Lair of Beasts)
 11758 | Lair:6   | Entered Level 6 of the Lair of Beasts
 11784 | Lair:6   | Found a bloodstained altar of Trog.
 11827 | Lair:6   | Found a staircase to the Slime Pits.
 11827 | Lair:6   | Found a viscous altar of Jiyva.
 11937 | Lair:6   | Noticed Kirke
 11962 | Lair:6   | Killed Kirke
 12354 | Lair:6   | Gained mutation: Your large and strong wings let you fly
                  | indefinitely. [Gargoyle growth]
 12354 | Lair:6   | Reached XP level 14. HP: 89/91 MP: 19/19
 12465 | Lair:6   | Reached ***** piety under the Shining One
 12757 | Lair:6   | Found a runed translucent door.
 12882 | Lair:6   | Reached skill level 10 in Invocations
 13750 | D:10     | Entered Level 10 of the Dungeon
 14049 | D:10     | Noticed Maurice
 14060 | D:10     | Killed Maurice
 14095 | D:10     | Found Areufy's Distillery.
 14100 | D:10     | Bought a potion of might for 48 gold pieces
 14100 | D:10     | Bought 2 potions of berserk rage for 120 gold pieces
 14280 | D:5      | Bought a potion of haste for 130 gold pieces
 14579 | D:10     | Found a portal to a secret trove of treasure.
 14644 | D:10     | Found a shimmering blue altar of Sif Muna.
 15113 | D:11     | Found a staircase to the Orcish Mines.
 15121 | D:11     | Reached ****** piety under the Shining One
 16112 | D:12     | Found a gate leading to a gauntlet.
 16127 | D:12     | Reached XP level 15. HP: 97/97 MP: 20/20
 16142 | Gauntlet | Entered a Gauntlet
 16142 | Gauntlet | Found a transporter.
 16149 | Gauntlet | Found a transporter.
 16151 | Gauntlet | Found a transporter.
 16160 | Gauntlet | Found a transporter.
 16162 | Gauntlet | Found a transporter.
 16171 | Gauntlet | Found a transporter.
 16186 | Gauntlet | Found a runed translucent gate.
 16187 | Gauntlet | Found a transporter.
 16187 | Gauntlet | Found a runed translucent gate.
 16188 | Gauntlet | Found a runed translucent gate.
 16197 | Gauntlet | Found a transporter.
 16207 | Gauntlet | Found a transporter.
 16212 | Gauntlet | Found a transporter.
 16212 | Gauntlet | Found a transporter.
 16240 | Gauntlet | Found a transporter.
 16242 | Gauntlet | Found a transporter.
 16292 | Gauntlet | Found a transporter.
 16379 | Gauntlet | Gained mutation: Scrolls take you a little longer to read.
                  | [a neqoxec]
 18526 | D:14     | Found a gate to the Vaults.
 18756 | D:15     | Entered Level 15 of the Dungeon
 19202 | D:15     | Found Zawnyx's Assorted Antiques.
 19462 | D:15     | Got a brightly glowing steel ring
 19464 | D:15     | Identified the ring "Ejoxzael" {*Tele MR+} (You found it on
                  | level 15 of the Dungeon)
 19468 | D:15     | Found a staircase to the Depths.
 19656 | Orc:1    | Entered Level 1 of the Orcish Mines
 19741 | Orc:1    | Found a roughly hewn altar of Beogh.
 19826 | Orc:2    | Entered Level 2 of the Orcish Mines
 19845 | Orc:2    | Reached XP level 16. HP: 93/104 MP: 22/22
 19910 | Orc:2    | HP: 2/105 [orc priest/divine providence (12)]
 20218 | Orc:2    | Found a staircase to the Elven Halls.
 20280 | Orc:2    | Found Woddadulo's Book Boutique.
 20281 | Orc:2    | Found Zodej's Book Emporium.
 20281 | Orc:2    | Found Doihue's Book Shop.
 20281 | Orc:2    | Found Ocerphie's General Store.
 20387 | Orc:2    | Found a roughly hewn altar of Beogh.
 20848 | Orc:1    | Reached skill level 15 in Shields
 21228 | D:6      | Got a translucent plate armour
 21239 | D:6      | Identified the +0 plate armour "Hacej" {-Tele rC++ MP+9
                  | Int+4} (You found it on level 6 of the Dungeon)
 21454 | Snake:1  | Entered Level 1 of the Snake Pit
 21530 | Snake:1  | Noticed Azrael
 21553 | Snake:1  | Noticed Aizul
 21564 | Snake:1  | Killed Aizul
 21714 | Snake:1  | Killed Azrael
 22173 | Snake:2  | Noticed a nagaraja
 22181 | Snake:2  | Killed a nagaraja
 22181 | Snake:2  | Reached XP level 17. HP: 105/112 MP: 23/23
 22245 | Snake:2  | Found Nadus's Book Boutique.
 22257 | Snake:2  | Found a stormy altar of Qazlal.
 22295 | Snake:2  | Identified the +7 battleaxe "Tuunk" {freeze, Str+2 Int+4}
 22297 | Snake:2  | Found a bloodstained altar of Trog.
 22304 | Snake:2  | Found a transporter.
 22304 | Snake:2  | Noticed lagrange's ghost (adept DDBe)
 22313 | Snake:2  | Identified the +4 war axe "Kidgh" {holy, rF+}
 22321 | Snake:2  | Found a transporter.
 22326 | Snake:2  | Identified the +8 morningstar of a wizard's laboratory
                  | {flame, Int+3 Dex+7}
 22846 | Snake:3  | Found Asarriar's Food Boutique.
 22853 | Snake:3  | Reached skill level 15 in Maces & Flails
 23229 | Snake:3  | Reached skill level 15 in Fighting
 23473 | Snake:4  | Entered Level 4 of the Snake Pit
 24221 | Snake:4  | Reached XP level 18. HP: 110/119 MP: 21/25
 24442 | Snake:4  | Got a serpentine rune of Zot
 24671 | Shoals:1 | Entered Level 1 of the Shoals
 24684 | Shoals:1 | You are sucked into a shaft and drop 1 floor!
 26034 | Shoals:3 | Noticed Ilsuiw
 26055 | Shoals:3 | Killed Ilsuiw
 26650 | Shoals:4 | Entered Level 4 of the Shoals
 26686 | Shoals:4 | Reached skill level 15 in Armour
 26750 | Shoals:4 | Found Bowof's Weapon Emporium.
 26840 | Shoals:4 | Reached XP level 19. HP: 101/127 MP: 26/26
 26889 | Shoals:4 | Got a barnacled rune of Zot
 27501 | Shoals:4 | Upgraded the game from 0.25-a0-577-ga4619f4 to
                  | 0.25-a0-578-gc91f01c
 28929 | Vaults:1 | Entered Level 1 of the Vaults
 28939 | Vaults:1 | Identified the Almanac of Lucky Bewitchment
 29076 | Vaults:1 | Noticed Asterion
 29104 | Vaults:1 | Killed Asterion
 29394 | Shoals:2 | Got a faintly glowing plate armour
 29405 | Shoals:2 | Identified the +3 plate armour "Jian" {MR+} (You found it
                  | on level 2 of the Shoals)
 29834 | Depths:1 | Entered Level 1 of the Depths
 29867 | Depths:1 | Identified a +5 sacred scourge of holy wrath (a +3 demon
                  | whip of electrocution blessed by the Shining One)
 29867 | Depths:1 | Received a gift from the Shining One
 30169 | Depths:1 | Reached XP level 20. HP: 117/134 MP: 28/28
 30290 | Depths:1 | Found a gateway to Hell.
 30442 | Depths:1 | Reached skill level 15 in Invocations
 30575 | Depths:1 | Found a one-way gate leading to the halls of Pandemonium.
 30671 | Depths:1 | Found Lilisk's Blood Bar.
 31291 | Depths:2 | Found a gateway to a ziggurat.
 31464 | Depths:2 | Paralysed by a floating eye for 3 turns
 31498 | Depths:2 | Noticed an ancient lich
 31515 | Depths:2 | Killed an ancient lich
 31811 | Depths:2 | Found the +5 scythe "Finisher" {speed, eviscerate}
 31834 | Depths:2 | Identified the Catalogue of Summoning and Talismans
 31907 | Depths:2 | Found a one-way gate to the infinite horrors of the Abyss.
 32088 | Depths:2 | Reached XP level 21. HP: 142/142 MP: 29/29
 32108 | Depths:2 | Reached skill level 1 in Evocations
 32108 | Depths:2 | Reached XP level 22. HP: 148/148 MP: 30/30
 32109 | Depths:2 | Reached XP level 23. HP: 153/153 MP: 31/31
 33615 | Depths:3 | Noticed a juggernaut
 33639 | Depths:3 | Killed a juggernaut
 33786 | Depths:3 | Identified the cursed +2 morningstar of the Nexus {vorpal,
                  | +Rage rF- Str+3 Int+7} (You found it on level 3 of the
                  | Depths)
 33791 | Depths:3 | Identified the +10 whip of True Grit {vorpal, Int+4} (You
                  | found it on level 3 of the Depths)
 34249 | Depths:4 | Noticed a caustic shrike
 34263 | Depths:4 | Identified the cursed +3 battleaxe of Oguohin {vorpal,
                  | +Rage +Inv rN+ MR+}
 34267 | Depths:4 | Killed a caustic shrike
 34416 | Depths:4 | Got a smoking bronze amulet
 34419 | Depths:4 | Identified the amulet "Kide" {Gourm MR+ Slay+3} (You found
                  | it on level 4 of the Depths)
 34891 | Depths:4 | Noticed Frederick
 34892 | Depths:4 | Found a sparkling altar of Nemelex Xobeh.
 34905 | Depths:4 | Killed Frederick
 35146 | Depths:4 | Reached XP level 24. HP: 161/163 MP: 31/31
 35590 | Depths:5 | Entered Level 5 of the Depths
 35627 | Depths:5 | Noticed a juggernaut
 35647 | Depths:5 | Killed a juggernaut
 37086 | Depths:5 | Found a gate to the Realm of Zot.
 37381 | Elf:1    | Entered Level 1 of the Elven Halls
 37604 | Elf:1    | Identified the +5 lajatang "Daudesh" {vorpal, *Slow rF+ rN+
                  | Str+6}
 37686 | Elf:1    | Noticed Agnes
 37696 | Elf:1    | Killed Agnes
 37996 | Elf:1    | Noticed Frances
 38003 | Elf:1    | Gained mutation: Your magical capacity is very low. (-20%
                  | MP) [a neqoxec]
 38011 | Elf:1    | Killed Frances
 38154 | Elf:2    | Found Bexkag's General Store.
 38163 | Elf:2    | Found Yveot's Magic Scroll Emporium.
 38165 | Elf:2    | Found Rosmipn's Gadget Shoppe.
 38169 | Elf:2    | Bought a scroll of acquirement for 936 gold pieces
 38171 | Elf:2    | Identified the ring of the Circus Animal {rPois rF++ MR-
                  | AC+3 Stlth+} (You acquired it on level 2 of the Elven
                  | Halls)
 38176 | Elf:2    | Bought a scroll of blinking for 127 gold pieces
 38176 | Elf:2    | Bought a scroll of blinking for 127 gold pieces
 38176 | Elf:2    | Bought a scroll of teleportation for 51 gold pieces
 38176 | Elf:2    | Bought a scroll of fear for 59 gold pieces
 38291 | Elf:2    | Found a runed translucent gate.
 38292 | Elf:2    | Found a runed translucent gate.
 38293 | Elf:2    | Found a runed translucent gate.
 38365 | Elf:2    | Cast into level 3 of the Abyss (a deep elf sorcerer)
 38728 | Elf:2    | Escaped the Abyss
 39060 | Elf:2    | Reached skill level 5 in Dodging
 39065 | Elf:2    | Reached XP level 25. HP: 152/171 MP: 28/28
 39314 | Elf:3    | Entered Level 3 of the Elven Halls
 39478 | Elf:3    | Identified the cursed +0 tower shield "Zuomp" {rC+ MR+
                  | rCorr Int-3}
 40078 | Elf:3    | Identified the +6 quarterstaff of the Enemy {vorpal, rElec
                  | Int+3}
 40179 | Elf:3    | Identified the Compendium of Calling
 40346 | Elf:3    | Identified the Incunabulum of Enhancements and
                  | Transformation
 41024 | Vaults:1 | Noticed Nikola
 41038 | Vaults:1 | Killed Nikola
 42318 | Vaults:1 | Reached XP level 26. HP: 179/179 MP: 28/28
 42673 | Vaults:2 | Found a flickering gateway to a bazaar.
 42682 | Bazaar   | Entered a bazaar
 42685 | Bazaar   | Found Fuhora's Armour Shoppe.
 42688 | Bazaar   | Found Paestoza's Antique Weapon Emporium.
 42707 | Bazaar   | Found Icycvear's General Store.
 42708 | Bazaar   | Found Jepautism's Magic Scroll Shoppe.
 42710 | Bazaar   | Bought a scroll of enchant armour for 97 gold pieces
 42710 | Bazaar   | Bought a scroll of immolation for 45 gold pieces
 42710 | Bazaar   | Bought a scroll of teleportation for 39 gold pieces
 42710 | Bazaar   | Bought a scroll of identify for 26 gold pieces
 42710 | Bazaar   | Bought a scroll of teleportation for 39 gold pieces
 42710 | Bazaar   | Bought a scroll of fear for 45 gold pieces
 42710 | Bazaar   | Bought a scroll of immolation for 45 gold pieces
 42717 | Bazaar   | Bought a potion of heal wounds for 65 gold pieces
 42717 | Bazaar   | Bought a potion of might for 52 gold pieces
 42724 | Bazaar   | Found Tutiemur's Armour Emporium.
 44296 | Vaults:3 | Found a staircase to the Crypt.
 44619 | Vaults:3 | Found a runed translucent door.
 44619 | Vaults:3 | Noticed 2FriedEggs's ghost (adept OpEE)
 44932 | Vaults:3 | Found Komot's Antique Weapon Shop.
 45817 | Vaults:4 | Reached XP level 27. HP: 186/188 MP: 29/29
 46167 | Vaults:4 | Found a shimmering blue altar of Sif Muna.
 46402 | Vaults:4 | Found a radiant altar of Vehumet.
 46426 | Vaults:4 | Identified the +1 hat of Catatonia {rF+ rCorr Str+7} (You
                  | found it on level 4 of the Vaults)
 46703 | Vaults:5 | Entered Level 5 of the Vaults
 47764 | Vaults:5 | Identified the amulet "Qusetaaj" {Spirit rElec rC+ Str+2}
 48300 | Vaults:5 | Identified the +4 dagger of Bloody Death {vorpal, +Inv MP+9
                  | Str+2}
 48326 | Vaults:5 | Identified the +7 rapier of the Puffin {holy, +Inv rN++ MR+
                  | Str-5}
 48327 | Vaults:5 | Identified the ring "Vommuypt" {rC+ Str+4 Stlth+}
 48330 | Vaults:5 | Identified the ring "Zaddyem" {Ice Dex+3 SInv}
 48699 | Vaults:5 | Got a silver rune of Zot
 48808 | Vaults:5 | Identified Athryill's Disquisition on the Frostbite
 49316 | Slime:1  | Entered Level 1 of the Pits of Slime
 49649 | Slime:1  | Gained mutation: You do not regenerate when monsters are
                  | visible. [a shining eye]
 49660 | Slime:1  | Gained mutation: You are weak. (Str -2) [a shining eye]
 49668 | Slime:1  | Gained mutation: Your magical capacity is extremely low.
                  | (-30% MP) [a shining eye]
 49903 | Slime:2  | You are sucked into a shaft and drop 2 floors!
 50368 | Slime:5  | Entered Level 5 of the Pits of Slime
 50691 | Slime:5  | Noticed the Royal Jelly
 50697 | Slime:5  | Found a viscous altar of Jiyva.
 50741 | Slime:5  | Found the +7 captain's cutlass {speed, disarm}
 50749 | Slime:5  | Killed the Royal Jelly
 50769 | Slime:5  | Gained mutation: Your body sometimes deteriorates upon
                  | taking damage. [a shining eye]
 51449 | Slime:3  | Gained mutation: Your body often deteriorates upon taking
                  | damage. [a shining eye]
 51459 | Slime:3  | Gained mutation: You are very weak. (Str -4) [a shining
                  | eye]
 51947 | Slime:5  | Got a slimy rune of Zot
 51950 | Slime:5  | Identified The Second Course in Casting
 52601 | Hell     | Entered the Vestibule of Hell
 52627 | Hell     | Noticed Murray
 52654 | Hell     | Killed Murray
 52760 | Hell     | Noticed Geryon
 52826 | Hell     | Killed Geryon
 53000 | Hell     | Found a gateway to the Iron City of Dis.
 53072 | Hell     | Found a gateway to the freezing wastes of Cocytus.
 53245 | Hell     | Found a gateway to the decaying netherworld of Tartarus.
 53254 | Hell     | Gained mutation: You can translocate small distances at
                  | will. [a cacodemon]
 53330 | Hell     | Found a gateway to the ashen valley of Gehenna.
 53389 | Geh:1    | Entered Level 1 of Gehenna
 55661 | Geh:7    | Entered Level 7 of Gehenna
 55662 | Geh:7    | Identified the +0 tower shield of the Shrike {*Slow rC+
                  | rCorr}
 56339 | Geh:7    | Reached skill level 10 in Dodging
 56420 | Geh:7    | Identified the +7 sceptre of Asmodeus
 56420 | Geh:7    | Noticed Asmodeus
 56440 | Geh:7    | Killed Asmodeus
 56450 | Geh:7    | Got an obsidian rune of Zot
 56575 | Geh:7    | Identified the +9 flail of Eternity {vamp, rF+ Dex+4
                  | Stlth+} (You found it on level 7 of Gehenna)
 56853 | Coc:1    | Entered Level 1 of Cocytus
 57148 | Coc:3    | Found a huge runed gate.
 57148 | Coc:3    | Found a huge runed gate.
 57149 | Coc:3    | Found a huge runed gate.
 57268 | Coc:3    | Found a huge runed gate.
 57268 | Coc:3    | Found a huge runed gate.
 57268 | Coc:3    | Found a huge runed gate.
 57268 | Coc:3    | Found a huge runed gate.
 57270 | Coc:3    | Found a huge runed gate.
 57271 | Coc:3    | Found a huge runed gate.
 57272 | Coc:3    | Found a huge runed gate.
 57273 | Coc:3    | Found a huge runed gate.
 57815 | Coc:2    | You are sucked into a shaft and drop 1 floor!
 58058 | Coc:6    | Found a huge runed gate.
 58058 | Coc:6    | Found a huge runed gate.
 58058 | Coc:6    | Found a huge runed gate.
 58058 | Coc:6    | Found a huge runed gate.
 58058 | Coc:6    | Found a huge runed gate.
 58058 | Coc:6    | Found a huge runed gate.
 58059 | Coc:6    | Found a huge runed gate.
 58060 | Coc:6    | Found a huge runed gate.
 58074 | Coc:6    | Found a huge runed gate.
 58075 | Coc:6    | Found a huge runed gate.
 58076 | Coc:6    | Found a huge runed gate.
 58079 | Coc:6    | Found a huge runed gate.
 58080 | Coc:6    | Found a huge runed gate.
 58096 | Coc:6    | Found a huge runed gate.
 58096 | Coc:6    | Found a huge runed gate.
 58096 | Coc:6    | Found a huge runed gate.
 58105 | Coc:6    | Found a huge runed gate.
 58106 | Coc:6    | Found a huge runed gate.
 58107 | Coc:6    | Found a huge runed gate.
 58111 | Coc:6    | Found a huge runed gate.
 58116 | Coc:6    | Found a huge runed gate.
 58117 | Coc:6    | Found a huge runed gate.
 58242 | Coc:7    | Entered Level 7 of Cocytus
 58257 | Coc:7    | Identified the +11 tower shield "Fust" {rN+ Dex+3}
 58356 | Coc:7    | Noticed Antaeus
 58371 | Coc:7    | HP: 4/196 [Antaeus/flash freeze (6)]
 58376 | Coc:7    | HP: 6/196 [Antaeus/flash freeze (8)]
 59179 | Coc:7    | Killed Antaeus
 59183 | Coc:7    | Got an icy rune of Zot
 59351 | Coc:7    | Identified the ring of Discretion {Ice Dex+3}
 59401 | Coc:7    | Got a shimmering copper ring
 59403 | Coc:7    | Identified the ring "Fyosch" {*Tele +Blink rF- rC+ Dex+4}
                  | (You found it on level 7 of Cocytus)
 59893 | Tar:1    | Entered Level 1 of Tartarus
 60102 | Tar:2    | Reached skill level 27 in Fighting
 61268 | Tar:7    | Entered Level 7 of Tartarus
 61524 | Tar:7    | Noticed Ereshkigal
 61524 | Tar:7    | Noticed the Serpent of Hell
 61552 | Tar:7    | Killed Ereshkigal
 61558 | Tar:7    | Killed the Serpent of Hell
 61841 | Tar:7    | Identified the amulet "Vimurat" {Inacc SInv} (You found it
                  | on level 7 of Tartarus)
 61898 | Tar:7    | Got a glittering marble ring
 61901 | Tar:7    | Identified the ring "Deweigeq" {*Tele rPois rN+} (You found
                  | it on level 7 of Tartarus)
 61950 | Tar:7    | Reached skill level 27 in Shields
 62151 | Tar:7    | Identified the +7 morningstar of Rotation {pain, rElec rF+
                  | Str+3 Int+3} (You found it on level 7 of Tartarus)
 62420 | Tar:7    | Got a bone rune of Zot
 62831 | Dis:1    | Entered Level 1 of the Iron City of Dis
 62880 | Dis:1    | You are sucked into a shaft and drop 1 floor!
 63297 | Dis:5    | You are sucked into a shaft and drop 1 floor!
 63406 | Dis:7    | Entered Level 7 of the Iron City of Dis
 64274 | Dis:7    | Identified the cursed +1 chain mail of Wisyapn {rF+ Int+7
                  | Slay+2} (You found it on level 7 of the Iron City of Dis)
 64366 | Dis:7    | Got a heavily runed jade ring
 64368 | Dis:7    | Identified the ring of Nefao {rElec rF+ rN+ rCorr} (You
                  | found it on level 7 of the Iron City of Dis)
 64390 | Dis:7    | Identified the +4 staff of Dispater
 64390 | Dis:7    | Noticed Dispater
 64392 | Dis:7    | Identified the +10 tower shield "Enire" {+Blink rC+ Int+2
                  | SInv}
 64418 | Dis:7    | Killed Dispater
 64441 | Dis:7    | Got an iron rune of Zot
 64781 | Dis:7    | Identified Sif Muna's Tome of Lethal Stones
 64943 | Dis:7    | Got a warped amber ring
 64945 | Dis:7    | Identified the cursed ring of the Moon {Int-5 Slay+6} (You
                  | found it on level 7 of the Iron City of Dis)
 65162 | Hell     | Lost mutation: Your magical capacity is extremely low.
                  | (-30% MP) [potion of mutation]
 65162 | Hell     | Gained mutation: Your movements are slightly less
                  | encumbered by armour. (ER -2) [potion of mutation]
 65162 | Hell     | Gained mutation: You have a pair of small antennae on your
                  | head. [potion of mutation]
 65292 | D:12     | Lost mutation: You do not regenerate when monsters are
                  | visible. [potion of mutation]
 65292 | D:12     | Lost mutation: You are partially covered in yellow scales.
                  | (AC +2) [potion of mutation]
 65292 | D:12     | Gained mutation: You have sharp toenails. [potion of
                  | mutation]
 65292 | D:12     | Gained mutation: You evolve. [potion of mutation]
 65446 | Elf:2    | Bought a +1 pair of boots for 207 gold pieces
 65702 | Depths:2 | Lost mutation: You have sharp toenails. [potion of
                  | mutation]
 65702 | Depths:2 | Lost mutation: Your movements are slightly less encumbered
                  | by armour. (ER -2) [potion of mutation]
 65702 | Depths:2 | Lost mutation: You have a pair of small antennae on your
                  | head. [potion of mutation]
 65702 | Depths:2 | Gained mutation: Your mind is acute. (Int +2) [potion of
                  | mutation]
 65771 | Pan      | Entered Pandemonium
 66006 | Pan      | Found a huge runed translucent gate.
 66008 | Pan      | Found a huge runed translucent gate.
 66009 | Pan      | Found a huge runed translucent gate.
 66009 | Pan      | Found a huge runed translucent gate.
 66174 | Pan      | Found a huge runed translucent gate.
 66330 | Pan      | Found a huge runed translucent gate.
 66354 | Pan      | Found a huge runed translucent gate.
 66387 | Pan      | Noticed Zuiliv the pandemonium lord
 66408 | Pan      | Killed Zuiliv the pandemonium lord
 66435 | Pan      | Reached skill level 27 in Maces & Flails
 66497 | Pan      | Noticed Voicli the pandemonium lord
 66515 | Pan      | Killed Voicli the pandemonium lord
 67044 | Pan      | Got a demonic rune of Zot
 67160 | Pan      | Found a runed translucent door.
 67160 | Pan      | Found a runed translucent door.
 67226 | Pan      | Found a runed translucent door.
 67238 | Pan      | Found a runed translucent door.
 67362 | Pan      | Found an exit through the horrors of the Abyss.
 67652 | Pan      | Gained mutation: Armour fits poorly on your strangely
                  | shaped body. [a cacodemon]
 67729 | Pan      | Noticed Ytrant the pandemonium lord
 67741 | Pan      | Killed Ytrant the pandemonium lord
 68934 | Pan      | Gained mutation: You expend magic power (3 MP) to
                  | strengthen your wands. [evolution]
 70540 | Pan      | Noticed Erunlyte the pandemonium lord
 70563 | Pan      | Killed Erunlyte the pandemonium lord
 70563 | Pan      | Reached skill level 15 in Dodging
 71387 | Pan      | Entered the realm of Gloorx Vloq.
 71468 | Pan      | Found an exit through the horrors of the Abyss.
 71857 | Pan      | Noticed Gloorx Vloq
 71874 | Pan      | Killed Gloorx Vloq
 71889 | Pan      | Got a dark rune of Zot
 72273 | Pan      | Reached skill level 27 in Invocations
 72293 | Pan      | Noticed Sigol the pandemonium lord
 72318 | Pan      | Killed Sigol the pandemonium lord
 73132 | Pan      | Noticed Qannat the pandemonium lord
 73136 | Pan      | Gained mutation: Your magical capacity is extremely low.
                  | (-30% MP) [a neqoxec]
 73150 | Pan      | Gained mutation: Scrolls take you longer to read. [a
                  | neqoxec]
 73152 | Pan      | Killed Qannat the pandemonium lord
 73722 | Pan      | Found an exit through the horrors of the Abyss.
 74189 | Pan      | Found an exit through the horrors of the Abyss.
 74200 | Pan      | Noticed Inaisej the pandemonium lord
 74215 | Pan      | HP: 4/199 [balrug/divine providence[a shadow demon] (14)]
 74216 | Pan      | Killed from afar by a smoke demon

Levels and vault maps discovered:
D:1:      dpeg_arrival_castle, layout_basic, minmay_tripent
D:2:      layout_basic, fedhas_ov_isle_minmay, uniq_natasha
D:3:      layout_rooms, grunt_temple_overflow_order_and_chaos_2
D:4:      layout_basic, lemuel_crystal_altar, minmay_temple_entry_junction,
          uniq_duvessa, uniq_blork_the_orc
D:5:      cheibrodos_thug_alley, layout_basic,
          chequers_temple_overflow_statue_of_worship, tso_metal_star,
          serial_shops, shop, first_ration
D:6:      layout_cave_pods, minmay_manual_mail, uniq_eustachio
D:7:      layout_basic
D:8:      cheibrodos_grave_circle, layout_basic, nicolae_overflow_crystal_walls,
          serial_shops, nicolae_shop_stone, shop, nicolae_shop_trees, shop, shop
D:9:      layout_basic, lair_entry_dummy, grunt_pizzeria
D:10:     layout_gridville, serial_shops, nicolae_shop_trees, special_room
          [special_room_orc], basic_altar, enter_trove_5, nicolae_wwwww,
          hangedman_abyss_or_decor_stagger, uniq_maurice
D:11:     layout_irregular_city, zombieorc1_lemuel
D:12:     layout_roguey, gauntlet_entry_generic, minmay_misc_feat_five
D:13:     layout_layer_cave
D:14:     layout_cave_pools, david_vaults_1, hex_medium
D:15:     grunt_enter_depths_hoard, layout_irregular_city, small_statue_alley_a,
          serial_shops, nicolae_shop_crystal
Temple:   oiseaux_autumnal_temple
Lair:1:   layout_layer_cave, grunt_megastairs_4, infiniplex_staircase_pool_2,
          uniq_maggie, uniq_prince_ribbit2
Lair:2:   layout_cave_pods, minivault_27, disabler_island, serial_bayou_shore_a
Lair:3:   layout_gridlike, elwin_shoals_entry_rooms,
          guppyfry_snake_entry_island, columned_hall_lemuel,
          beast_lair_carwin_2, grunt_megastairs_2
Lair:4:   layout_loops_ring, basic_altar, minivault_24,
          infiniplex_staircase_pool, lemuel_fruit_tree
Lair:5:   layout_gridlike, minmay_lindwurm_lava
Lair:6:   wormcave, layout_regular_city, hangedman_lair_caniforms_friends,
          slime_altar_1, basic_altar, grunt_megastairs_1, uniq_kirke
Shoals:1: layout_shoals, ldierk_geyser
Shoals:2: layout_shoals
Shoals:3: layout_shoals, uniq_ilsuiw
Shoals:4: shoals_end_simple, layout_shoals, serial_shops, nicolae_shop_crystal
Snake:1:  layout_rooms, uniq_aizul, uniq_azrael
Snake:2:  layout_onion, serial_shops, shop, basic_altar,
          gammafunk_ghost_wrathful_warriors
Snake:3:  layout_onion_interference, serial_shops, shop, guppyfry_snake_island
Snake:4:  snake_pit, layout_concentric_octagons
Slime:1:  layout_caves
Slime:2:  cheibrodos_slime_lost_civilization_3, layout_caves,
          nicolae_slime_welcoming_committee
Slime:3:  layout_caves
Slime:4:  layout_caves
Slime:5
Orc:1:    layout_caves, basic_altar
Orc:2:    st_orc_ogre_mass, layout_caves, basic_altar, guppyfry_orc_lava_fort
Elf:1:    eino_elf_arrival_customs, layout_geoelf_octagon,
          kennysheep_underground_church, kilobyte_mutagenic_chamber, uniq_agnes,
          uniq_frances
Elf:2:    layout_rooms, minmay_shop_star
Elf:3:    minmay_elf_hall_furrowed, layout_loops_cross
Vaults:1: grunt_vaults_twisty, v_alt_pattern_1,
          dpeg_vaults_pockets_of_resistance, hangedman_vaults_nodes, v_misc_15,
          dpeg_vaults_monster_box, nicolae_vaults_arrows,
          nicolae_vaults_little_squares_4, vaults_standard_mumra_lines,
          nicolae_vaults_little_squares_5, ontoclasm_vaults_ring_square,
          ontoclasm_vaults_spin, vaults_room_semicircle,
          hangedman_vaults_stretched_pinwheel, layout_vaults_omnibox,
          uniq_asterion, uniq_nikola
Vaults:2: v_rooms_6, v_misc_14, vaults_dpeg_hooks, vaults_room_fours,
          nicolae_vaults_network_quinsquares
          [nicolae_vaults_network_quincunx_subvault,
          nicolae_vaults_network_quincunx_subvault,
          nicolae_vaults_network_quincunx_subvault,
          nicolae_vaults_network_quincunx_subvault],
          hangedman_vaults_corner_blocks, nicolae_vaults_rhombus_5,
          nicolae_vaults_triangles, v_alt_pattern_4, st_lattice,
          layout_vaults_big_cross, serial_shops, bzr_entry_lakeside
Vaults:3: ebering_vaults_ghost_inner_flame, minmay_crypt_entry_simple_corners,
          v_pattern_1, vaults_room_large_hall, nicolae_vaults_little_squares_1,
          ontoclasm_vaults_ligature, ontoclasm_vaults_shuriken,
          vaults_dpeg_ring, layout_vaults_omnigrid, serial_shops, shop
Vaults:4: vaults_mumra_minichess_inversion, v_misc_12, nicolae_vaults_alarming,
          grunt_tower_of_power, v_misc_8, nicolae_vaults_rhombus_5, v_misc_30,
          nicolae_vaults_ring_of_whatevers, v_rooms_2, vaults_room_fancy_cross,
          grunt_vaults_hallway_short, nicolae_vaults_little_squares_1,
          hangedman_vaults_stretched_pinwheel, layout_vaults_maze, basic_altar
Vaults:5
Depths:1: layout_cave_pools, nrook_mini_backslash, rand_demon_pan_entry_3,
          hell_entry, st_stairs_8, ebering_dispersal_statue_hall, hex_tiny,
          nrook_mini_vaults, guppyfry_shop_blood
Depths:2: lemuel_river_lethe, hell_entry, abyss_entry
Depths:3: giant_chief_lemuel, layout_basic, grunt_pan_entry_zigzag, hell_entry,
          chequers_serial_rivers_small_b, serial_bayou_shore_b,
          infiniplex_staircase_squiggle, grunt_megastairs_3
Depths:4: minmay_the_grid_octo_2x2 [minmay_the_grid_octo_odd_swirl,
          minmay_the_grid_octo_tetromino_candy, minmay_the_grid_octo_77,
          minmay_the_grid_octo_prize_square_snowflake], layout_gridlike,
          serial_sigils_hangedman_etch, abyss_entry_crystal,
          pf_hell_entry_tar_river, nemelex_altar_shiori,
          infiniplex_staircase_diamond, uniq_frederick
Depths:5: evilmike_zot_entry_hall, layout_gridlike, hell_entry,
          minmay_misc_feat_room, chequers_jeans, small_chamber_with_monster,
          corexii_corridor_pit
Hell
Dis:1:    layout_chaotic_city, hangedman_dis_decor_blocks_mantle
Dis:2:    layout_subdivisions
Dis:3:    layout_subdivisions, evilmike_ambush [evilmike_ambush_outer_corners,
          evilmike_ambush_inner_basic]
Dis:4:    layout_jigsaw
Dis:5:    layout_overlapping_boxes
Dis:6:    layout_regular_city
Dis:7:    iron_city_of_dis [dis_old, dis_wall_6], layout_chaotic_city
Geh:1:    layout_gehenna_pools_triple
Geh:2:    layout_gehenna_pools_triple
Geh:3:    layout_gehenna_pools_box, grunt_megastairs_5
Geh:4:    layout_gehenna_pools_basic
Geh:5:    layout_gehenna_pools_box, nicolae_geh_lava_in_the_way
Geh:6:    layout_gehenna_lava_caves
Geh:7:    geh_old
Coc:1:    layout_ice_bergs
Coc:2:    layout_cocytus_water_paths
Coc:3:    layout_ice_bergs, door_vault
Coc:4:    layout_ice_bergs
Coc:5:    layout_cocytus_water_paths
Coc:6:    layout_ice_bergs, door_vault
Coc:7:    coc_dpeg
Tar:1:    layout_honeycomb
Tar:2:    layout_catacombs, nicolae_tar_cuneiform_not
Tar:3:    layout_honeycomb
Tar:4:    layout_catacombs, nicolae_tar_cuneiform_to_be
Tar:5:    layout_cathedral_of_symmetry
Tar:6:    layout_grid_maze
Tar:7:    tar_grunt_cathedral
Pan:      nicolae_pan_giant_door, layout_stronghold, nicolae_pan_diamonds,
          layout_pan_divisions_a [pan_division_quadrant_a1,
          pan_division_quadrant_a2, pan_division_quadrant_a5,
          pan_division_quadrant_a4, pan_division_octagon_empty],
          pan_blood_fountain_2, reaverb_pan_squares, rand_demon_7,
          layout_gridlike, evilmike_mini_pan_pillars, layout_long_grid,
          evilmike_mini_pan_pillars, layout_chambers, lemuel_hellion_island,
          layout_irregular_city, evilmike_gloorx_vloq_box, layout_small_grid,
          nicolae_pan_gloorx_vloqian_3, nicolae_pan_sigil_eeng,
          nicolae_pan_door_chamber, layout_gridville, evilmike_mini_pan_doors,
          layout_chambers, evilmike_mini_pan_3x3, layout_onion_city

Skill      XL: |  1  2  3  4  5  6  7  8  9 10 11 12 13 14 15 16 17 18 19 20 21 22 23 24 25 26 27 |
---------------+----------------------------------------------------------------------------------+-----
Armour         | 4 5 6 7 8 9 10 11 12 13 14 15 16 17 18 19 23 | 23.9
Maces & Flails | 3 4 6 7 8 10 12 13 14 15 16 17 18 19 27 | 27.0
Dodging        | 1 2 3 4 5 16 | 16.0
Shields        | 4 5 6 7 8 10 11 12 13 14 15 16 17 18 19 20 21 22 27 | 27.0
Fighting       | 4 5 6 7 8 9 10 11 12 13 14 15 16 17 18 20 21 22 23 27 | 27.0
Invocations    | 3 4 5 7 8 9 10 11 12 13 14 15 16 17 18 27 | 27.0
Evocations     | 1 2 |  2.2
Stealth        | |  0.3

Action                   |  1- 3 |  4- 6 |  7- 9 | 10-12 | 13-15 | 16-18 | 19-21 | 22-24 | 25-27 || total
-------------------------+-------+-------+-------+-------+-------+-------+-------+-------+-------++-------
Melee: Flail             |   121 |   284 |   393 |  1089 |   117 |       |       |       |       ||  2004
       Eveningstar       |       |       |       |       |  1232 |  1461 |   484 |       |       ||  3177
       Sacred scourge    |       |       |       |       |       |       |   731 |  1335 |  8203 || 10269
Invok: Cleansing Flame   |       |       |       |     5 |       |     4 |     6 |     6 |    35 ||    56
       Summon Divine War |       |       |       |       |     1 |     4 |     3 |     7 |    40 ||    55
       Divine Shield     |       |       |       |       |       |     1 |       |       |       ||     1
       Brand Weapon With |       |       |       |       |       |       |     1 |       |       ||     1
 Abil: Fly               |       |       |       |       |     1 |       |       |       |       ||     1
Evoke: Wand              |       |       |       |     5 |       |     3 |       |       |       ||     8
       Lamp of fire      |       |       |       |       |       |       |       |     1 |     2 ||     3
  Use: Potion            |       |     7 |     1 |     4 |     4 |     9 |     2 |     3 |    29 ||    59
       Scroll            |       |     5 |     7 |     8 |    10 |     5 |     7 |     9 |    18 ||    69
  Eat: Chunk             |       |     5 |    13 |    23 |    38 |    20 |    19 |    40 |   119 ||   277
       Ration            |       |       |       |     1 |       |     2 |       |       |     3 ||     6
Armor: Scale mail        |    87 |       |       |       |       |       |       |       |       ||    87
       Chain mail        |       |   268 |   358 |   235 |       |       |       |       |       ||   861
       Plate armour      |       |       |       |   569 |   798 |   835 |   565 |   415 |  2629 ||  5811
Dodge: Dodged            |    56 |   112 |   180 |   402 |   279 |   397 |   235 |   170 |  1372 ||  3203
Block: Kite shield       |    82 |   222 |   366 |   594 |       |       |       |       |       ||  1264
       Tower shield      |       |       |       |   301 |  1543 |  1831 |  1210 |  1015 |  7063 || 12963
       Reflection        |       |       |       |       |       |       |       |    13 |       ||    13

Table legend:
 A = Non-vault XP
 B = Vault XP
 C = Vault XP percentage of total XP
 D = Non-vault monster count
 E = Vault monster count
 F = Vault count percentage of total count
                 A         B        C        D         E       F
            +---------+---------+-------+---------+---------+-------
      Total | 1700876 | 1142852 |  40.2 |    2982 |    1330 |  30.8
            +---------+---------+-------+---------+---------+-------
        D:1 |      34 |       3 |   8.1 |      22 |       2 |   8.3
        D:2 |     144 |      36 |  20.0 |      25 |       1 |   3.8
        D:3 |     276 |       0 |   0.0 |      27 |       0 |   0.0
        D:4 |     216 |     320 |  59.7 |      12 |       3 |  20.0
        D:5 |     351 |     113 |  24.4 |      11 |      10 |  47.6
        D:6 |    1566 |     582 |  27.1 |      19 |       6 |  24.0
        D:7 |    1369 |       0 |   0.0 |      29 |       0 |   0.0
        D:8 |    2967 |    2966 |  50.0 |      34 |      12 |  26.1
        D:9 |    1409 |     130 |   8.4 |      24 |       1 |   4.0
       D:10 |    1797 |    1708 |  48.7 |      13 |      26 |  66.7
       D:11 |    6883 |     787 |  10.3 |      36 |      29 |  44.6
       D:12 |    6798 |       0 |   0.0 |      32 |       0 |   0.0
       D:13 |    5182 |       0 |   0.0 |      22 |       0 |   0.0
       D:14 |    8904 |    2106 |  19.1 |      20 |       4 |  16.7
       D:15 |   29929 |    2008 |   6.3 |      65 |       2 |   3.0
     Lair:1 |    4519 |    2126 |  32.0 |      14 |       8 |  36.4
     Lair:2 |    5775 |    1816 |  23.9 |      27 |       4 |  12.9
     Lair:3 |     396 |    1989 |  83.4 |       5 |       9 |  64.3
     Lair:4 |    6346 |       0 |   0.0 |      24 |       0 |   0.0
     Lair:5 |    2964 |    2662 |  47.3 |      11 |       4 |  26.7
     Lair:6 |   18978 |   20478 |  51.9 |      47 |      79 |  62.7
   Shoals:1 |   19066 |       0 |   0.0 |      39 |       0 |   0.0
   Shoals:2 |   21172 |       0 |   0.0 |      41 |       0 |   0.0
   Shoals:3 |   17278 |    2858 |  14.2 |      37 |       4 |   9.8
   Shoals:4 |   17903 |   18104 |  50.3 |      38 |      32 |  45.7
    Snake:1 |   15078 |    3819 |  20.2 |      35 |      10 |  22.2
    Snake:2 |   21496 |       0 |   0.0 |      38 |       0 |   0.0
    Snake:3 |   13507 |     326 |   2.4 |      27 |       2 |   6.9
    Snake:4 |   27323 |   29670 |  52.1 |      55 |      45 |  45.0
    Slime:1 |    6776 |       0 |   0.0 |      15 |       0 |   0.0
    Slime:2 |    6623 |    1339 |  16.8 |      15 |       5 |  25.0
    Slime:3 |   13152 |       0 |   0.0 |      14 |       0 |   0.0
    Slime:4 |   14547 |       0 |   0.0 |      10 |       0 |   0.0
    Slime:5 |   10999 |   30687 |  73.6 |      23 |      16 |  41.0
      Orc:1 |    2721 |    2255 |  45.3 |      27 |       6 |  18.2
      Orc:2 |    3441 |   18685 |  84.4 |      40 |      50 |  55.6
      Elf:1 |   13719 |   11031 |  44.6 |      21 |      13 |  38.2
      Elf:2 |   20946 |   18174 |  46.5 |      40 |      26 |  39.4
      Elf:3 |   20170 |   47348 |  70.1 |      36 |      34 |  48.6
   Vaults:1 |   37640 |   65883 |  63.6 |      62 |      91 |  59.5
   Vaults:2 |   52629 |   14642 |  21.8 |      75 |      33 |  30.6
   Vaults:3 |   47491 |    9253 |  16.3 |      81 |      11 |  12.0
   Vaults:4 |   22016 |   60808 |  73.4 |      31 |      63 |  67.0
   Vaults:5 |   40407 |   69346 |  63.2 |      50 |      53 |  51.5
   Depths:1 |   35477 |    6060 |  14.6 |      49 |       9 |  15.5
   Depths:2 |       0 |   66043 | 100.0 |       0 |     134 | 100.0
   Depths:3 |   20237 |   42866 |  67.9 |      23 |      50 |  68.5
   Depths:4 |   31620 |   28910 |  47.8 |      27 |      17 |  38.6
   Depths:5 |   34298 |   18161 |  34.6 |      29 |      12 |  29.3
       Hell |   26661 |   35858 |  57.4 |      41 |      60 |  59.4
      Dis:1 |    2043 |       0 |   0.0 |       8 |       0 |   0.0
      Dis:2 |    7380 |       0 |   0.0 |      26 |       0 |   0.0
      Dis:3 |   14367 |   10488 |  42.2 |      18 |      17 |  48.6
      Dis:4 |    3700 |       0 |   0.0 |      10 |       0 |   0.0
      Dis:6 |    2243 |       0 |   0.0 |       4 |       0 |   0.0
      Dis:7 |   55299 |   92493 |  62.6 |      78 |      59 |  43.1
      Geh:1 |   44647 |       0 |   0.0 |      74 |       0 |   0.0
      Geh:2 |   13472 |       0 |   0.0 |      28 |       0 |   0.0
      Geh:3 |   42813 |     511 |   1.2 |      93 |       2 |   2.1
      Geh:4 |   11638 |       0 |   0.0 |      26 |       0 |   0.0
      Geh:5 |    8400 |       0 |   0.0 |      14 |       0 |   0.0
      Geh:6 |   25032 |       0 |   0.0 |      75 |       0 |   0.0
      Geh:7 |   66488 |   51946 |  43.9 |     124 |      42 |  25.3
      Coc:1 |     737 |       0 |   0.0 |       7 |       0 |   0.0
      Coc:2 |    7622 |       0 |   0.0 |       8 |       0 |   0.0
      Coc:3 |   18632 |    1579 |   7.8 |      45 |       3 |   6.2
      Coc:4 |   19318 |    2841 |  12.8 |      37 |       1 |   2.6
      Coc:6 |   20571 |       0 |   0.0 |      34 |       0 |   0.0
      Coc:7 |   68971 |   68079 |  49.7 |      85 |      32 |  27.4
      Tar:1 |    1821 |       0 |   0.0 |       2 |       0 |   0.0
      Tar:2 |   27330 |       0 |   0.0 |      43 |       0 |   0.0
      Tar:3 |    1090 |       0 |   0.0 |       3 |       0 |   0.0
      Tar:4 |   62839 |       0 |   0.0 |      67 |       0 |   0.0
      Tar:5 |   34143 |       0 |   0.0 |      23 |       0 |   0.0
      Tar:6 |   41740 |       0 |   0.0 |      30 |       0 |   0.0
      Tar:7 |   72337 |  104834 |  59.2 |     123 |      70 |  36.3
    Abyss:3 |   20390 |       0 |   0.0 |      42 |       0 |   0.0
        Pan |  284617 |  165165 |  36.7 |     317 |     117 |  27.0
   Gauntlet |       0 |    2960 | 100.0 |       0 |      11 | 100.0
            +---------+---------+-------+---------+---------+-------
